 Dungeon Crawl Stone Soup version 0.24.0-13-gcf9b319 (webtiles) character file.

Game seed: 16776553573551863108, levelgen mode: deterministic

12 Bronimir the Grasshopper (level 2, 0/24 HPs)
             Began as a Centaur Warper on Mar 29, 2020.
             Slain by a giant cockroach (2 damage)
             ... on level 1 of the Dungeon.
             The game lasted 00:01:31 (415 turns).

Bronimir the Grasshopper (Centaur Warper)            Turns: 415, Time: 00:01:31

Health: 0/24       AC:  4    Str: 13    XL:     2   Next: 20%
Magic:  4/4        EV:  9    Int: 12    God:
Gold:   31         SH:  0    Dex:  8    Spells: 4/4 levels left

rFire    . . .     SeeInvis .   a - +0 spear
rCold    . . .     Gourm    .   (no shield)
rNeg     . . .     Faith    .   b - +0 leather armour
rPois    .         Spirit   .   (no helmet)
rElec    .         Reflect  .   (no cloak)
rCorr    .         Harm     .   (no gloves)
MR       .....                  (no barding)
Stlth    ..........             (no amulet)
HPRegen  0.08/turn              (no ring)
MPRegen  0.09/turn              (no ring)

@: very quick
A: large, hooves 3, deformed body, speed 2, tough skin 3
a: no special abilities


You were on level 1 of the Dungeon.
You were not hungry.

You visited 1 branch of the dungeon, and saw 2 of its levels.

You collected 31 gold pieces.

Inventory:

Hand Weapons
 a - a +0 spear (weapon)
 g - a +0 mace
Missiles
 e - 5 boomerangs of dispersal (quivered)
 i - 39 arrows
 j - 4 stones
Armour
 b - a +0 leather armour (worn)
 h - a +0 ring mail
Scrolls
 d - a scroll of blinking
 m - a scroll of fog {unknown}
Potions
 c - a potion of lignification {unknown}
 k - a potion of invisibility {unknown}
 n - a potion of curing {unknown}
Comestibles
 f - a ration
 l - 3 chunks of flesh


   Skills:
 + Level 2.0 Fighting
 * Level 1.9 Polearms
 + Level 1.1 Throwing
 * Level 0.9 Armour
 + Level 1.8 Dodging
 + Level 1.6 Spellcasting
   Level 2.6 Translocations


You had 4 spell levels left.
You didn't know any spells.
Your spell library contained the following spells:

 Spells                   Type           Power        Failure   Level  Hunger
 Blink                    Tloc           N/A          19%         2    ###....
 Shroud of Golubria       Chrm/Tloc      #.....       30%         2    ###....
 Gell's Gravitas          Tloc           #.........   34%         3    ####...
 Lesser Beckoning         Tloc           #.........   34%         3    ####...
 Teleport Other           Tloc           #.......     34%         3    ####...
 Passage of Golubria      Tloc           N/A          75%         4    #####..


Dungeon Overview and Level Annotations

Branches:
Dungeon (2/15)

Altars:


Innate Abilities, Weirdness & Mutations

You have hooves in place of feet.
Armour fits poorly on your strangely shaped body.
You cover ground very quickly.
You have extremely tough skin. (AC +3)


Message History

You closely miss the hobgoblin.
The hobgoblin is severely wounded.
The hobgoblin hits you with a +0 club.
* * * LOW HITPOINT WARNING * * *
You closely miss the hobgoblin.
The hobgoblin is severely wounded.
You hit the hobgoblin but do no damage. Your kick misses the hobgoblin.
The hobgoblin is severely wounded.
The hobgoblin closely misses you.
You closely miss the hobgoblin.
The hobgoblin is severely wounded.
The giant cockroach misses you. The hobgoblin hits you with a +0 club.
* * * LOW HITPOINT WARNING * * *
The giant cockroach barely misses you.
You hit the hobgoblin but do no damage.
The hobgoblin is severely wounded.
The hobgoblin hits you with a +0 club.
* * * LOW HITPOINT WARNING * * *
The giant cockroach bites you.
You die...

#.#### #..........#
#..s.# #...........
####.# #####..##...
#.######.........
#......#.........
###....#......... .
#....#.........
....######l...#........†
?.....g@s...###.........
....######### #......###
. #......# # #......###
#.......## #######.##
#.## #..# ##..


You could see a giant cockroach, a hobgoblin and a frilled lizard.

Vanquished Creatures
  A dart slug (D:1)
  A leopard gecko (D:1)
  2 goblins (D:1)
  2 hobgoblins (D:1)
  A kobold (D:1)
  A bat (D:1)
8 creatures vanquished.

Notes
Turn   | Place    | Note
-------+----------+-------------------------------------------
     0 | D:1      | Bronimir the Centaur Warper began the quest for the Orb.
     0 | D:1      | Reached XP level 1. HP: 17/17 MP: 3/3
   192 | D:1      | Reached XP level 2. HP: 16/24 MP: 4/4
   342 | D:1      | You fall into a shaft and drop 1 floor!
   415 | D:1      | Slain by a giant cockroach

Levels and vault maps discovered:
D:1:      mainiacjoe_arrival_reflecting_pool, layout_basic
D:2:      layout_rooms, gammafunk_temple_overflow_elements, minmay_tromino_v7,
          uniq_robin

Action                   || total
-------------------------++-------
Melee: Spear             ||    35
       Kick              ||     6
Armor: Leather armour    ||    34
Dodge: Dodged            ||    41
